 Dungeon Crawl Stone Soup version 0.26-a0-845-gfacbca91cf (webtiles) character file.

Game seed: 1371242183438702117

51 Kae the Insei (level 3, -1/20 HPs)
             Began as a Tengu Transmuter on Nov 19, 2020.
             Slain by Sigmund
             ... wielding a +0 scythe
              (5 damage)
             ... on level 2 of the Dungeon.
             The game lasted 00:00:45 (1423 turns).

Kae the Insei (Tengu Transmuter)                    Turns: 1423, Time: 00:00:46

Health: -1/20      AC:  2    Str: 11    XL:     3   Next: 83%
Magic:  4/7        EV: 20    Int: 13    God:
Gold:   86         SH:  0    Dex: 19    Spells: 2/6 levels left

rFire    . . .     SeeInvis .     - Unarmed
rCold    . . .     Faith    .   (shield currently unavailable)
rNeg     . . .     Spirit   .   (armour currently unavailable)
rPois    x         Reflect  .   (helmet currently unavailable)
rElec    .         Harm     .   (cloak currently unavailable)
rCorr    .         Rampage  .   (gloves currently unavailable)
MR       .....                  (boots unavailable)
Stlth    ++........             (no amulet)
HPRegen  0.06/turn              (no ring)
MPRegen  0.10/turn              (no ring)

@: spider-form (expiring)
A: tiny
a: End Transformation


You were on level 2 of the Dungeon.
You were a venomous arachnid creature.
You visited 1 branch of the dungeon, and saw 2 of its levels.

You collected 86 gold pieces.

Inventory:

Armour
 a - a +0 robe (melded)
 j - a +0 pair of gloves of archery (melded)
Jewellery
 c - a cursed ring of attention {unknown}
 f - a +6 ring of strength {unknown}
Scrolls
 e - a scroll of blinking {unknown}
 h - a scroll of immolation {unknown}
Potions
 b - a potion of haste {unknown}
 d - 2 potions of heal wounds {unknown}
 g - a potion of curing {unknown}
 i - a potion of brilliance {unknown}
 k - a potion of cancellation {unknown}


   Skills:
 + Level 1.5 Fighting
 - Level 2.1 Dodging
 * Level 4.0 Unarmed Combat
 + Level 2.3 Spellcasting
 * Level 2.2 Transmutations


You had 2 spell levels left.
You knew the following spells:

 Your Spells              Type           Power        Failure   Level
a - Beastly Appendage     Tmut           #.....       24%         1
b - Spider Form           Tmut/Pois      #.........   65%         3

Your spell library contained the following spells:

 Spells                   Type           Power        Failure   Level
 Wereblood                Tmut           #.......     32%         2
 Ice Form                 Ice/Tmut       #.......     94%         4
 Blade Hands              Tmut           #.........   99%         5


Dungeon Overview and Level Annotations

Branches:
Dungeon (2/15)

Altars:
Wu Jian

Annotations:
D:2 Sigmund


Innate Abilities, Weirdness & Mutations

((You have a beak for a mouth.))
((You have claws for feet.))


Message History

Sigmund gestures at you while chanting. The magic dart hits you!
You hit Sigmund.
Sigmund looks as sick as possible!
Sigmund is moderately wounded.
Your transformation is almost over.
The bat misses you. The bat closely misses you. Sigmund closely misses you.
You hit Sigmund but do no damage.
Sigmund looks as sick as possible!
Sigmund is heavily wounded.
The bat misses you. The bat hits you but does no damage.
Sigmund gestures at you while chanting. You resist with significant effort.
You hit Sigmund.
Sigmund is severely wounded.
The bat misses you. The bat hits you. Sigmund gestures at you while chanting.
The magic dart hits you.
* * * LOW HITPOINT WARNING * * *
The bat misses you.
Sigmund hits you from afar with a +0 scythe.
You die...

#.####.....#
#>..........
#..........##
#..........#
##..........#
#._........
#....######
#....# #..s.#
##b###
#@.Sr....
####....!
.... ... .. .


You could see Sigmund (extremely poisoned) and a bat.

Vanquished Creatures
  An adder (D:2)
  A dart slug (D:1)
  A leopard gecko (D:1)
  A giant cockroach (D:1)
  2 goblins
  7 hobgoblins
  4 jackals (D:1)
  A quokka (D:2)
  7 bats
  A frilled lizard (D:1)
  5 kobolds
  7 rats
38 creatures vanquished.

Notes
Turn   | Place    | Note
-------+----------+-------------------------------------------
     0 | D:1      | Kae the Tengu Transmuter began the quest for the Orb.
     0 | D:1      | Reached XP level 1. HP: 12/12 MP: 4/4
   184 | D:1      | Reached XP level 2. HP: 15/16 MP: 4/6
   347 | D:1      | Reached XP level 3. HP: 7/20 MP: 5/7
   351 | D:1      | Learned a level 3 spell: Spider Form
  1289 | D:2      | Reached skill level 4 in Unarmed Combat
  1403 | D:2      | Found an ornate altar of the Wu Jian Council.
  1414 | D:2      | Noticed Sigmund
  1423 | D:2      | Slain by Sigmund

Illustrated notes

Levels and vault maps discovered:
D:1:      doesnt_arrival_eight_statues, layout_rooms
D:2:      layout_basic, overflow_temple_1_default, uniq_sigmund

Skill      XL: |  1  2  3 |
---------------+----------+-----
Transmutations | 2 |  2.2
Unarmed Combat | 4 |  4.0
Fighting       | |  1.5
Dodging        | |  2.1
Spellcasting   | |  2.3

Action                   || total
-------------------------++-------
Melee: Unarmed           ||    76
       Kick              ||    10
       Peck              ||     9
       Headbutt          ||    10
 Cast: Beastly Appendage ||    13
       Spider Form       ||     1
 Stab: Sleeping          ||     1
Armor: Robe              ||    20
       Skin              ||     2
Dodge: Dodged            ||    71

Table legend: (Time is in decaauts)
 A = Elapsed time spent in this place.
 B = Non-inter-level travel time spent in this place.
 C = Inter-level travel time spent in this place.
 D = Time resting spent in this place.
 E = Time spent auto-exploring this place.
 F = Levels seen in this place.
 G = Mean time per level.
                   A        B        C        D        E       F      G
               +--------+--------+--------+--------+--------+-----+--------+
         Total |   1417 |   1390 |     27 |      0 |   1185 |   2 |  708.5 |
       Dungeon |   1417 |   1390 |     27 |      0 |   1185 |   2 |  708.5 |
               +--------+--------+--------+--------+--------+-----+--------+

Top non-repeatable levels by time:
     D:1: 798 daAuts
     D:2: 619 daAuts
